Map: Terraform LE (Void)

Players

CunningStunt

  • Race: Protoss Protoss
  • League: Gold

변함없음 - Winner!

  • Race: Zerg Zerg
  • League: Silver

VOD

Have the link to the VOD?

Description

Time

  • Played on: Sept. 8, 2015, 2:40 a.m.
  • Length: 12:03
Show
View Real Time Build Order
Export as new Build Order

CunningStunt Protoss 

Build Orders: 1 Gate Expand 

Get SALT Encoding   

  12  0:00  Probe (Chrono Boost)  
  13  0:11  Probe (Chrono Boost)  
  14  0:19  Pylon  
  14  0:21  Probe (Chrono Boost)  
  15  0:36  Probe (Chrono Boost)  
  15  0:39  Gateway  
  16  0:46  Probe (Chrono Boost)  
  17  0:57  Probe (Chrono Boost)  
  18  1:07  Probe (Chrono Boost)  
  19  1:17  Probe (Chrono Boost)  
  20  1:22  Nexus  
  20  1:27  Probe (Chrono Boost)  
  21  1:37  Probe (Chrono Boost)  
  21  1:38  Pylon  
  22  1:43  Cybernetics Core  
  22  1:47  Probe (Chrono Boost)  
  23  1:57  Assimilator  
  23  1:58  Probe (Chrono Boost), Assimilator  
  24  2:08  Probe (Chrono Boost)  
  24  2:09  Zealot  
  27  2:18  Probe (Chrono Boost)  
  28  2:28  Probe (Chrono Boost)  
  29  2:34  Probe (Chrono Boost)  
  30  2:38  Probe (Chrono Boost)  
  31  2:46  Gateway  
  31  2:50  Forge  
  31  2:51  Probe (Chrono Boost)  
  31  2:53  Gateway, Probe (Chrono Boost)  
  33  2:59  Warp Gate  
  33  3:01  Probe (Chrono Boost)  
  33  3:04  Stalker  
  36  3:09  Probe (Chrono Boost)  
  37  3:18  Probe (Chrono Boost)  
  37  3:19  Probe (Chrono Boost)  
  39  3:28  Probe (Chrono Boost)  
  39  3:30  Assimilator  
  39  3:32  Assimilator  
  39  3:34  Probe (Chrono Boost)  
  40  3:35  Pylon  
  40  3:38  Probe (Chrono Boost)  
  42  3:45  Probe (Chrono Boost)  
  43  3:48  Probe (Chrono Boost)  
  43  3:52  Stargate  
  44  3:55  Probe (Chrono Boost)  
  44  3:56  Pylon  
  44  4:00  Probe (Chrono Boost)  
  46  4:07  Probe (Chrono Boost)  
  47  4:11  Mothership Core (Chrono Boost)  
  49  4:24  Probe (Chrono Boost)  
  49  4:29  Probe (Chrono Boost)  
  51  4:38  Void Ray  
  51  4:42  Probe (Chrono Boost)  
  56  4:54  Gateway  
  56  4:55  Gateway  
  56  4:58  Gateway  
  56  5:01  Pylon  
  56  5:05  Pylon  
  56  5:09  Sentry  
  58  5:21  Void Ray (Chrono Boost)  
  62  5:39  Pylon  
  62  5:41  Pylon  
  62  5:43  Sentry, Pylon  
  62  5:45  Zealot x2  
  68  5:52  Robotics Facility  
  68  5:54  Void Ray (Chrono Boost)  
  68  5:59  Protoss Air Weapons Level 1 (Chrono Boost)  
  72  6:07  Protoss Shields Level 1  
  72  6:15  Probe x2  
  74  6:27  Probe x2, Void Ray  
  76  6:35  Photon Cannon  
  80  6:41  Photon Cannon  
  80  6:54  Probe  
  80  6:55  Probe  
  82  7:06  Probe  
  82  7:07  Probe  
  84  7:09  Phoenix  
  86  7:21  Zealot x3, Stargate  
  86  7:22  Zealot x3  
  98  7:24  Observer  
  98  7:25  Fleet Beacon  
  95  7:42  Phoenix  
  87  7:47  Protoss Air Armor Level 1 (Chrono Boost)  
  89  7:58  Observer  
  90  7:59  Probe x2  
  92  8:11  Probe  
  93  8:18  Nexus  
  93  8:21  Pylon  
  93  8:24  Pylon  
  93  8:27  Pylon  
  92  8:31  Phoenix  
  98  8:35  Phoenix  
  98  8:38  Pylon  
  94  8:42  Pylon  
  94  8:44  Pylon  
  94  8:47  Zealot  
  94  8:48  Zealot x5  
  98  8:51  Pylon  
  98  8:52  Phoenix  
  96  8:59  Anion Pulse-Crystals  
  96  9:00  Phoenix  
  88  9:08  Twilight Council  
  82  9:11  Gateway  
  82  9:14  Gateway  
  76  9:18  Gateway x2  
  76  9:21  Gateway  
  76  9:26  Pylon  
  76  9:33  Assimilator  
  76  9:35  Photon Cannon  
  76  9:36  Assimilator  
  76  9:38  Photon Cannon  
  76  9:39  Phoenix  
  76  9:40  Photon Cannon  
  76  9:42  Photon Cannon  
  76  9:43  Photon Cannon  
  78  9:46  Phoenix  
  78  9:48  Nexus  
  78  9:50  Assimilator  
  80  9:54  Carrier (Chrono Boost), Assimilator  
  80  9:55  Carrier (Chrono Boost)  
  80  9:59  Pylon  
  80  10:01  Pylon  
  80  10:03  Pylon  
  80  10:05  Pylon  
  80  10:15  Charge  
  80  10:20  Pylon  
  92  10:42  Stargate  
  92  10:50  Photon Cannon  
  92  10:52  Photon Cannon  
  86  10:57  Photon Cannon  
  95  11:37  Zealot x4  
  95  11:38  Zealot x3  
  87  11:53  Zealot  
  87  11:54  Zealot x2  
Show
View Real Time Build Order
Export as new Build Order

변함없음 Zerg - Winner!

Build Orders: Hatch First, Lurkers 

Get SALT Encoding   

  12  0:01  Drone  
  13  0:08  Drone  
  14  0:35  Hatchery  
  13  0:37  Drone  
  14  0:44  Overlord  
  14  0:48  Extractor  
  13  0:50  Drone  
  14  1:04  Drone  
  14  1:05  Drone  
  16  1:16  Spawning Pool  
  16  1:18  Drone  
  16  1:23  Drone  
  17  1:33  Drone  
  18  1:42  Drone  
  19  1:47  Overlord  
  19  1:54  Drone  
  20  2:00  Drone  
  21  2:07  Queen  
  21  2:08  Queen  
  25  2:19  Drone  
  25  2:20  Drone  
  25  2:21  Zergling x2  
  28  2:24  Metabolic Boost  
  28  2:28  Extractor  
  27  2:30  Drone  
  28  2:42  Drone  
  28  2:43  Drone x3  
  32  2:48  Overlord  
  32  3:01  Drone  
  32  3:03  Drone  
  32  3:04  Drone  
  35  3:08  Lair  
  35  3:10  Drone  
  36  3:35  Hatchery  
  34  3:49  Evolution Chamber  
  34  3:53  Drone x3  
  34  3:54  Drone  
  37  3:58  Drone x3, Extractor  
  37  3:59  Overlord, Extractor  
  37  4:00  Overlord  
  37  4:01  Pneumatized Carapace  
  38  4:13  Spore Crawler  
  38  4:14  Spore Crawler, Drone x5  
  41  4:18  Spine Crawler  
  40  4:24  Zergling x2  
  40  4:26  Zergling x2  
  40  4:27  Zergling x2  
  43  4:32  Drone  
  43  4:33  Drone x2  
  43  4:37  Overseer  
  46  4:41  Zerg Missile Weapons Level 1  
  46  4:47  Hydralisk Den  
  45  5:03  Queen  
  45  5:04  Drone  
  45  5:05  Drone x8  
  56  5:18  Muscular Augments  
  56  5:23  Drone, Extractor  
  56  5:24  Drone x4  
  56  5:25  Extractor  
  56  5:27  Overlord  
  59  5:48  Drone x3  
  59  5:49  Drone x3  
  65  5:50  Drone x2  
  65  5:51  Drone  
  65  5:54  Spore Crawler  
  67  6:11  Overlord  
  67  6:13  Overlord  
  67  6:14  Overlord  
  67  6:16  Hatchery, Lurker Den  
  66  6:22  Overlord  
  66  6:27  Drone x2  
  68  6:35  Zerg Missile Weapons Level 2  
  68  6:40  Spire  
  67  7:04  Hydralisk  
  67  7:05  Hydralisk x11  
  67  7:08  Hatchery  
  89  7:14  Overlord  
  89  7:18  Extractor  
  89  7:19  Extractor  
  89  7:22  Hydralisk x4  
  89  7:23  Hydralisk  
  91  7:54  Queen  
  91  7:57  Drone  
  91  7:58  Drone x17  
  111  8:15  Spore Crawler  
  111  8:16  Hydralisk x9  
  111  8:17  Spine Crawler x2  
  111  8:19  Hydralisk x4  
  114  8:29  Spine Crawler  
  114  8:31  Spore Crawler, Lurker  
  114  8:32  Lurker x5  
  114  8:33  Lurker x3  
  102  8:54  Hydralisk x8  
  100  9:23  Hydralisk x13  
  118  9:35  Overlord  
  118  9:36  Overlord x4  
  118  9:41  Extractor  
  118  9:42  Zerg Ground Armor Level 1  
  117  9:47  Infestation Pit  
  116  9:55  Drone  
  116  9:56  Drone x12  
  129  10:05  Overlord x3  
  129  10:08  Spore Crawler, Overseer x3  
  129  10:10  Lurker, Extractor  
  129  10:11  Lurker x3  
  129  10:13  Lurker  
  129  10:14  Hydralisk x7  
  146  10:26  Spine Crawler  
  145  10:28  Spine Crawler  
  145  10:34  Overlord  
  145  10:35  Overlord x2  
  144  10:36  Overlord  
  144  10:37  Overlord  
  144  10:40  Hatchery  
  143  11:09  Hydralisk  
Tags
 
Add a new tag
Caveats
  • Supply blocks, unpowered buildings, or Contaminate may cause inaccurate times.
  • Supply counts are checked every 10 seconds.